 Dungeon Crawl Stone Soup version 0.26.1-11-gd32895ea62 (webtiles) character file.

Game seed: 38744341579996635

613 Urokeeper the Chopper (level 7, -12/55 HPs)
             Began as a Human Berserker on July 22, 2021.
             Was a Believer of Trog.
             Mangled by an ogre
             ... wielding a +0 giant club
              (32 damage)
             ... on level 5 of the Dungeon.
             The game lasted 00:42:59 (5550 turns).

Urokeeper the Chopper (Human Berserker)             Turns: 5550, Time: 00:43:00

Health: -12/55     AC:  6    Str: 20    XL:     7   Next: 72%
Magic:  7/7        EV: 13    Int:  7    God:    Trog [**....]
Gold:   230        SH:  0    Dex: 15    Spells: 6/6 levels left

rFire    + . .     SeeInvis .   q - -2 hand axe
rCold    x . .     Faith    .   (no shield)
rNeg     . . .     Spirit   .   e - +0 ring mail
rPois    +         Reflect  .   (no helmet)
rElec    .         Harm     +   A - scarf {harm}
rCorr    +         Rampage  .   (no gloves)
Will     .....                  (no boots)
Stlth    +.........             z - amulet of Urrupeuxu {RegenMP rPois Dex+3}
HPRegen  0.18/turn              v - ring of fire
MPRegen  0.35/turn              x - ring of resist corrosion

@: about to teleport, berserk cooldown, slowed, very slow
A: no striking features
a: Renounce Religion, Berserk, Trog's Hand


You were on level 5 of the Dungeon.
You worshipped Trog.
Trog was pleased with you.
You visited 1 branch of the dungeon, and saw 5 of its levels.

You collected 230 gold pieces.

Inventory:

Hand Weapons
 a - a +0 hand axe
 f - a +0 club
 j - a +4 short sword
 q - a -2 hand axe (weapon)
 r - a +0 morningstar
 B - a +0 giant spiked club
 C - a +0 bardiche
Missiles
 h - a throwing net
 p - 54 bolts
Armour
 b - a +0 animal skin
 e - a +0 ring mail (worn)
 A - a scarf of harm (worn)
Jewellery
 v - a ring of fire (left hand)
 x - a ring of resist corrosion (right hand)
 z - the amulet of Urrupeuxu (around neck) {RegenMP rPois Dex+3}
   (You found it on level 4 of the Dungeon)

   [amulet of magic regeneration]

   It increases your magic regeneration.
   It affects your dexterity (+3).
   It protects you from poison.
Scrolls
 c - a scroll of enchant armour {unknown}
 d - 2 scrolls of remove curse
 g - a scroll of fear {unknown}
 i - a scroll of teleportation
 l - 2 scrolls of noise {unknown}
 t - 2 scrolls of identify
 y - 2 scrolls of immolation {unknown}
Potions
 k - 3 potions of heal wounds {unknown}
 m - a potion of curing {unknown}
 n - a potion of lignification {unknown}
 o - a potion of attraction {unknown}
 s - a potion of degeneration {unknown}
 u - a potion of resistance {unknown}
 w - a potion of haste {unknown}


   Skills:
 + Level 4.3 Fighting
 + Level 5.6 Axes
 + Level 4.4 Armour
 + Level 3.4 Dodging
 + Level 1.2 Stealth


You had 6 spell levels left.
You didn't know any spells.
Your spell library was empty.

Dungeon Overview and Level Annotations

Branches:
Dungeon (5/15)
 Temple: D:4-7

Altars:
Fedhas
Hepliaklqana
Makhleb
Okawaru
Ru

Shops:
D:4 *[


Message History

An ogre comes into view. It is wielding a +0 giant club.
You feel the effects of Trog's Hand fading.
The ogre shouts!
The phantom misses you.
You barely miss the phantom.
The phantom is severely damaged.
The phantom hits you.
The phantom blinks! x2
You hit the phantom.
The phantom is almost destroyed.
The phantom misses you.
You hit the phantom.
You destroy the phantom!
Trog accepts your kill.
Your skin stops crawling.
You feel less strong-willed.
Okay, then.
As you read the scroll of teleportation, it crumbles to dust.
You feel strangely unstable.
The ogre hits you with a +0 giant club!!
Ouch! That really hurt!
You die...

..)### .#.....
......###
.......## ..
#......#
...#......####
.......).....##
.......O......#
...##...@)....#
............<#
.............##
............##
...........>.#
.............#
.##...........
....##...##..
...#


You could see an ogre.

Vanquished Creatures
  A phantom (D:5)
  An ogre (D:4)
  A scorpion (D:4)
  2 hounds (D:4)
  3 worker ants (D:4)
  11 gnolls
  7 adders
  2 oozes
  2 worms
  3 dart slugs
  A leopard gecko (D:3)
  4 orcs
  4 bats
  5 giant cockroaches
  7 goblins
  5 hobgoblins
  11 jackals
  4 kobolds
  2 quokkas
  A frilled lizard (D:2)
  7 rats
84 creatures vanquished.

Vanquished Creatures (others)
  3 plants (D:4)
3 creatures vanquished.

Grand Total: 87 creatures vanquished

Notes
Turn   | Place    | Note
-------+----------+-------------------------------------------
     0 | D:1      | Urokeeper the Human Berserker began the quest for the Orb.
     0 | D:1      | Reached XP level 1. HP: 18/18 MP: 1/1
   243 | D:1      | Reached XP level 2. HP: 24/24 MP: 2/2
   854 | D:1      | Reached XP level 3. HP: 22/29 MP: 3/3
  1406 | D:2      | Reached ** piety under Trog
  1454 | D:2      | Reached XP level 4. HP: 19/35 MP: 4/4
  1908 | D:2      | Reached skill level 4 in Axes
  1987 | D:2      | Reached XP level 5. HP: 33/42 MP: 5/5
  2065 | D:2      | Found a sacrificial altar of Ru.
  2433 | D:2      | You fall into a shaft and drop 1 floor!
  2433 | D:3      | Found a burning altar of Makhleb.
  3509 | D:4      | Found Raunuu's Assorted Antiques.
  3509 | D:4      | Found an iron altar of Okawaru.
  3520 | D:4      | Found Hougoume's Antique Armour Shoppe.
  3630 | D:4      | Reached XP level 6. HP: 41/48 MP: 6/6
  3744 | D:4      | Found a blossoming altar of Fedhas.
  4142 | D:4      | Got a steaming jade amulet
  4145 | D:4      | Identified the amulet of Urrupeuxu {RegenMP rPois Dex+3}
                  | (You found it on level 4 of the Dungeon)
  4246 | D:4      | Reached skill level 5 in Axes
  4254 | D:4      | Reached skill level 1 in Stealth
  4637 | D:4      | Noticed an ogre
  4647 | D:4      | Killed an ogre
  4648 | D:4      | Reached XP level 7. HP: 48/54 MP: 7/7
  4963 | D:4      | Found a hazy altar of Hepliaklqana.
  5525 | D:5      | Entered Level 5 of the Dungeon
  5550 | D:5      | Mangled by an ogre

Illustrated notes

Levels and vault maps discovered:
D:1:      heliophobic_arrival_enchanted_forest, layout_basic
D:2:      layout_loops_ring, nicolae_ru_awakened_eye
D:3:      layout_loops_cross, overflow_temple_1_default
D:4:      layout_loops_cross, nzn_hepliaklqana_mist_gate, lemuel_round_altar,
          overflow_temple_1_default, serial_shops, shop,
          nicolae_shop_overgrown_old_shop, cheibrodos_gnoll_hut
D:5:      layout_cave_pools, zin_purify, hangedman_decor_opposing,
          minmay_small_thing

Skill      XL: |  1  2  3  4  5  6 |
---------------+-------------------+-----
Axes           | 4 5 |  5.6
Armour         | 3 4 |  4.4
Dodging        | 3 |  3.4
Fighting       | 4 |  4.3
Stealth        | 1 |  1.2

Action                   |  1- 3 |  4- 6 |  7- 9 || total
-------------------------+-------+-------+-------++-------
Melee: Hand axe          |    83 |   220 |    71 ||   374
Invok: Berserk           |     2 |     4 |     3 ||     9
       Trog's Hand       |     1 |     3 |     2 ||     6
  Use: Scroll            |       |     3 |     1 ||     4
 Stab: Sleeping          |       |     1 |       ||     1
Armor: Ring mail         |    32 |    58 |    10 ||   100
       Animal skin       |     4 |       |       ||     4
Dodge: Dodged            |    75 |   128 |    33 ||   236
